 Dungeon Crawl Stone Soup version 0.24-a0-504-gcfb02b9 (webtiles) character file.

Game seed: 13570109551802716483

191 pkoi the Ruffian (level 5, -4/50 HPs)
             Began as a Troll Monk on July 17, 2019.
             Slain by a killer bee (7 damage)
             ... on level 4 of the Dungeon.
             The game lasted 00:01:42 (1007 turns).

pkoi the Ruffian (Troll Monk)                       Turns: 1007, Time: 00:01:42

Health: -4/50      AC:  6    Str: 20    XL:     5   Next: 41%
Magic:  4/4        EV: 10    Int:  6    God:
Gold:   76         SH:  0    Dex: 12    Spells: 4/4 levels left

rFire    . . .     SeeInvis .     - Unarmed
rCold    . . .     Gourm    +   (no shield)
rNeg     . . .     Faith    .   a - +0 robe
rPois    .         Spirit   .   (helmet restricted)
rElec    .         Reflect  .   (no cloak)
rCorr    .         Harm     .   (gloves unavailable)
MR       .....                  (boots unavailable)
Stlth    ++........             (no amulet)
HPRegen  0.56/turn              (no ring)
MPRegen  0.09/turn              (no ring)

@: lethally poisoned (-4 -> -13), hasted, very quick
A: large, unfitting armour, claws 3, fast metabolism 3, gourmand, regeneration
1, shaggy fur 1, tough skin 3
a: no special abilities


You were on level 4 of the Dungeon.
You were completely stuffed.

You visited 1 branch of the dungeon, and saw 3 of its levels.

You collected 76 gold pieces.

Inventory:

Armour
 a - a +0 robe (worn)
Jewellery
 i - a cursed -3 ring of dexterity {unknown}
Scrolls
 d - a scroll of identify {unknown}
 f - a scroll of random uselessness {unknown}
 g - a scroll of fog {unknown}
Potions
 h - a potion of curing {unknown}
Comestibles
 b - 5 rations
 c - 7 chunks of flesh


   Skills:
 - Level 2.4 Fighting
 - Level 2.4 Dodging
 - Level 1.0 Stealth
 + Level 6.2 Unarmed Combat


You had 4 spell levels left.
You didn't know any spells.
Your spell library was empty.

Dungeon Overview and Level Annotations

Branches:
Dungeon (2/15)

Altars:


Innate Abilities, Weirdness & Mutations

You are too large for most types of armour.
You have claws for hands.
Your metabolism is lightning-fast.
You like to eat raw meat.
Your natural rate of healing is unusually fast.
You are covered in fur. (AC +1)
You have extremely tough skin. (AC +3)


Message History

The killer bee poisons you!
You miss the killer bee. Your claw misses the killer bee.
The killer bee is almost dead.
You feel sick. The killer bee stings you.
* * * LOW HITPOINT WARNING * * *
You scratch the killer bee.
You kill the killer bee!
Your Unarmed Combat skill increases to level 6!
You feel sick. The killer bee stings you.
* * * LOW HITPOINT WARNING * * *
You barely miss the killer bee.
You feel sick. The killer bee stings you.
* * * LOW HITPOINT WARNING * * *
You are lethally poisoned!
The killer bee poisons you! The killer bee stings you.
* * * LOW HITPOINT WARNING * * *
Unknown command.
It was a potion of haste.
You feel yourself speed up.
* * * LOW HITPOINT WARNING * * *
You feel sick. The killer bee stings you!
You die...

.................##.
##....#####.........##.
. ......................
.. ..........#..........
... ......####.#.....##.
......###......#.#...##.
#..#.).........###.>#.
.##...r###...##### ##)##
.......@yy.#.# #)#
#.....####..........#)#
..... ###.y.....$#.##
.... #..[.....#..# ...
.......".##.. ##
#..........#.
#y.......#...
...##########


You could see 3 killer bees and a quokka.

Vanquished Creatures
  A killer bee (D:4)
  2 orc priests (D:4)
  A worker ant (D:4)
  A gnoll (D:1)
  2 oozes (D:1)
  A worm (D:2)
  2 dart slugs
  3 orcs (D:4)
  A ball python (D:1)
  2 bats (D:1)
  4 giant cockroaches (D:1)
  2 goblins (D:1)
  A hobgoblin (D:1)
  4 jackals (D:1)
  2 quokkas (D:4)
  2 frilled lizards (D:1)
  A jackal skeleton (D:4)
  2 kobolds (D:1)
  7 rats (D:1)
41 creatures vanquished.

Notes
Turn   | Place    | Note
-------+----------+-------------------------------------------
     0 | D:1      | pkoi the Troll Monk began the quest for the Orb.
     0 | D:1      | Reached XP level 1. HP: 22/22 MP: 0/0
    98 | D:1      | Reached XP level 2. HP: 29/29 MP: 1/1
   194 | D:1      | Reached skill level 4 in Unarmed Combat
   223 | D:1      | Reached XP level 3. HP: 36/36 MP: 2/2
   815 | D:2      | You fall into a shaft and drop 2 floors!
   839 | D:4      | Reached skill level 5 in Unarmed Combat
   839 | D:4      | Reached XP level 4. HP: 33/44 MP: 3/3
   889 | D:4      | Reached XP level 5. HP: 38/50 MP: 4/4
  1005 | D:4      | Reached skill level 6 in Unarmed Combat
  1007 | D:4      | Slain by a killer bee

Levels and vault maps discovered:
D:1:      matt_arrival_refuge, layout_loops_ring, minmay_door_square
D:2:      layout_basic, serial_rivers, chequers_serial_rivers_small_a,
          chequers_serial_rivers_room_a, chequers_serial_rivers_small_b,
          chequers_serial_rivers_room_b, chequers_serial_rivers_micro_d,
          chequers_serial_rivers_large_b, kennysheep_nondescript
D:4:      layout_rooms, minmay_temple_entry_statues, first_ration, uniq_edmund

Skill      XL: |  1  2  3  4  5 |
---------------+----------------+-----
Unarmed Combat | 4 5 6 |  6.2
Fighting       | |  2.4
Dodging        | |  2.4
Stealth        | |  1.0

Action                   |  1- 3 |  4- 6 || total
-------------------------+-------+-------++-------
Melee: Unarmed           |    81 |    21 ||   102
       Punch             |     3 |       ||     3
  Use: Potion            |       |     1 ||     1
 Stab: Sleeping          |     2 |       ||     2
  Eat: Chunk             |    13 |     2 ||    15
Armor: Robe              |    36 |     2 ||    38
Dodge: Dodged            |    37 |    11 ||    48

Table legend:
 A = Non-vault XP
 B = Vault XP
 C = Vault XP percentage of total XP
 D = Non-vault monster count
 E = Vault monster count
 F = Vault count percentage of total count
                 A         B        C        D         E       F
            +---------+---------+-------+---------+---------+-------
      Total |     273 |       0 |   0.0 |      41 |       0 |   0.0
            +---------+---------+-------+---------+---------+-------
        D:1 |      71 |       0 |   0.0 |      29 |       0 |   0.0
        D:2 |       9 |       0 |   0.0 |       2 |       0 |   0.0
        D:4 |     193 |       0 |   0.0 |      10 |       0 |   0.0
            +---------+---------+-------+---------+---------+-------
